 Dungeon Crawl Stone Soup version 0.30-a0-1123-gabc949cf19 (webtiles) character file.

Game seed: 12558053761366166325

27 themarg the Firebug (level 2, 0/24 HPs)
             Began as a Demonspawn Cinder Acolyte on Apr 22, 2023.
             Was a High Priest of Ignis.
             Slain by a worm (9 damage)
             ... on level 2 of the Dungeon.
             The game lasted 00:02:04 (1027 turns).

themarg the Firebug (Demonspawn Cinder Acolyte)     Turns: 1027, Time: 00:02:04

Health: 0/24       AC:  2    Str: 14    XL:     2   Next: 93%
Magic:  2/4        EV: 11    Int: 15    God:    Ignis [*****.]
Gold:   22         SH:  0    Dex:  8    Spells: 2/4 levels left

rFire   + . .        a - -1 hand axe (flame)
rCold   . . .        (no shield)
rNeg    . . .        b - +0 robe
rPois   .            (no helmet)
rElec   .            (no cloak)
rCorr   .            (no gloves)
SInv    .            (no boots)
Will    .....        (no amulet)
Stlth   +            (no ring)
HPRegen 0.24/turn    (no ring)
MPRegen 0.09/turn

%: no passive effects
@: no status effects
A: sturdy frame 1
a: Renounce Religion, Fiery Armour, Foxfire Swarm


You were on level 2 of the Dungeon.
You worshipped Ignis.
Ignis was extremely pleased with you.
You visited 1 branch of the dungeon, and saw 2 of its levels.

You collected 22 gold pieces.

Inventory:

Hand Weapons
 a - a -1 hand axe of flaming (weapon)
 i - a +0 hand axe
Missiles
 c - 7 stones (quivered)
 k - 3 boomerangs
Armour
 b - a +0 robe (worn)
Magical Staves
 j - a staff of fire
Scrolls
 d - a scroll of enchant armour {unknown}
 f - a scroll of identify {unknown}
 l - 2 scrolls of silence {unknown}
Potions
 e - a potion of haste {unknown}
 g - 2 potions of degeneration {unknown}
 h - a potion of lignification {unknown}


   Skills:
 - Level 3.0 Fighting
 - Level 2.6 Axes
 + Level 1.2 Stealth
 + Level 1.7 Spellcasting
 + Level 3.1 Fire Magic


You had 2 spell levels left.
You knew the following spells:

 Your Spells              Type           Power      Damage    Failure   Level
a - Scorch                Fire           20%        2d6       10%         2

Your spell library contained the following spells:

 Spells                   Type           Power      Damage    Failure   Level
 Sublimation of Blood     Necr           1%         N/A       34%         2
 Wereblood                Tmut           1%         N/A       34%         2
 Summon Hydra             Summ           0%         N/A       100%        7


Dungeon Overview and Level Annotations

Branches:
Dungeon (2/15)

Altars:


Innate Abilities, Weirdness & Mutations

Your movements are slightly less encumbered by armour. (ER -2)


Message History

The adder bites you. x2
* * * LOW HITPOINT WARNING * * *
The adder attacks as you move away! The adder bites you.
* * * LOW HITPOINT WARNING * * *
The ball python attacks as you move away!
The ball python bites you.
* * * LOW HITPOINT WARNING * * *
The ball python closely misses you.
You begin to rise into the air.
The ball python completely misses you. x2
The adder closely misses you.
You hit the ball python. You burn the ball python.
You kill the ball python!
You closely miss the adder.
With a burst of heat and light, you rocket upward!
There is a shaft here.
You start resting.
Magic restored.
You start resting.
HP restored.
There is a stone staircase leading down here.
You climb downwards.
There is a stone staircase leading up here.
l - 2 scrolls labelled DUMARE MEGGOTU
Found a stone staircase leading up.
Found a faded altar of an unknown god.
A worm is nearby!
Found a stone staircase leading up.
The worm bites you.
You hit the worm. You burn the worm.
The worm is moderately wounded.
The worm bites you!
Flames lash the worm.
The worm is heavily wounded.
The worm's fire resistance burns away.
You hit the worm but do no damage.
The worm is heavily wounded.
The worm closely misses you.
You barely miss the worm.
The worm is heavily wounded.
The worm bites you!
You die...

.# . ...# #..
. ...
.⌠..###....#
..#∩#8#...#
#_#...#..#
##..⌠.#..#
#8.⌠..#..#
......?
#.w@#..?#
.......
<....###....#
.......
...#......<.#
.......
.#..######.##
....... #.#
....... #.#
..)# #.# #.#
...# #.# #.##
...# #.# #..#


You could see a worm (combustible).

Vanquished Creatures
  3 ball pythons
  4 bats (D:1)
  5 endoplasms (D:1)
  3 goblins (D:1)
  3 hobgoblins
  A quokka (D:1)
  3 kobolds
  3 rats (D:1)
25 creatures vanquished.

Notes
Turn   | Place    | Note
-------+----------+-------------------------------------------
     0 | D:1      | themarg the Demonspawn Cinder Acolyte began the quest for
                  | the Orb.
     0 | D:1      | Reached XP level 1. HP: 18/18 MP: 2/2
    87 | D:1      | Gained mutation: Your movements are slightly less
                  | encumbered by armour. (ER -2) [demonic ancestry]
    87 | D:1      | Reached XP level 2. HP: 23/24 MP: 3/3
    90 | D:1      | Learned a level 2 spell: Scorch
   146 | D:1      | Reached skill level 1 in Stealth
  1019 | D:2      | Found a faded altar of an unknown god.
  1027 | D:2      | Slain by a worm

Illustrated notes

Levels and vault maps discovered:
D:1:      lemuel_arrival_broad_hall, layout_basic
D:2:      layout_rooms, shapermc_ecumenical_altar_venn

Skill      XL: |  1  2 |
---------------+-------+-----
Fire Magic     | 3 |  3.1
Stealth        | 1 |  1.2
Fighting       | |  3.0
Axes           | |  2.6
Spellcasting   | |  1.7

Action                     || total
---------------------------++-------
  Melee: Hand axe          ||    56
         Punch             ||     1
   Cast: Scorch            ||     8
 Invoke: Rising Flame      ||     1
 Armour: Robe              ||    16
  Dodge: Dodged            ||    54

Table legend: (Time is in decaauts)
 A = Elapsed time spent in this place.
 B = Non-inter-level travel time spent in this place.
 C = Inter-level travel time spent in this place.
 D = Time resting spent in this place.
 E = Time spent auto-exploring this place.
 F = Levels seen in this place.
 G = Mean time per level.
                   A        B        C        D        E       F      G
               +--------+--------+--------+--------+--------+-----+--------+
         Total |   1036 |    979 |     57 |     87 |    714 |   2 |  518.0 |
       Dungeon |   1036 |    979 |     57 |     87 |    714 |   2 |  518.0 |
               +--------+--------+--------+--------+--------+-----+--------+

Top non-repeatable levels by time:
     D:1: 883 daAuts
     D:2: 153 daAuts
